Map: Acropolis LE

Players

Creature

  • Race: Protoss Protoss
  • Spawn Location: 5:00

Dolan - Winner!

  • Race: Terran Terran
  • Spawn Location: 11:00

VOD

Have the link to the VOD?

Description

Time

  • Played on: Sept. 6, 2019, 3:50 p.m.
  • Length: 7:50
Show
View Real Time Build Order
Export as new Build Order

Creature Protoss 

Build Orders: 1 Gate Expand 

Get SALT Encoding   

  12  0:01  Probe  
  13  0:13  Probe  
  14  0:17  Pylon  
  14  0:24  Probe  
  15  0:33  Probe  
  15  0:38  Gateway  
  15  0:41  Probe  
  16  0:46  Assimilator  
  17  0:51  Probe  
  17  0:56  Assimilator  
  18  0:59  Probe  
  19  1:08  Gateway, Probe  
  19  1:18  Probe  
  21  1:29  Nexus  
  21  1:39  Cybernetics Core  
  21  1:44  Assimilator  
  21  1:47  Probe  
  22  1:54  Pylon  
  22  1:59  Probe  
  23  2:05  Stalker  
  24  2:26  Probe  
  24  2:35  Stalker  
  25  2:39  Probe  
  25  2:42  Probe  
  25  2:43  Warp Gate  
  27  2:50  Probe  
  27  2:55  Probe, Robotics Facility  
  29  2:58  Probe  
  30  3:06  Probe  
  30  3:07  Probe  
  32  3:18  Probe  
  34  3:20  Probe  
  34  3:30  Probe  
  34  3:31  Gateway x2  
  35  3:34  Probe  
  35  3:38  Shield Battery  
  36  3:42  Observer  
  35  3:49  Probe  
  35  3:52  Probe  
  37  3:58  Observer  
  37  4:00  Probe  
  37  4:01  Probe  
  38  4:03  Pylon  
  38  4:09  Probe  
  40  4:13  Probe  
  42  4:24  Robotics Bay  
  42  4:26  Probe x2  
  42  4:27  Forge  
  42  4:28  Assimilator  
  42  4:30  Assimilator  
  44  4:32  Sentry, Stalker x2  
  44  4:35  Probe  
  44  4:36  Pylon  
  44  4:38  Probe  
  52  4:42  Pylon  
  52  4:43  Probe  
  52  4:52  Probe  
  54  4:58  Stalker  
  55  5:00  Probe, Disruptor  
  55  5:05  Zealot x2  
  60  5:08  Pylon  
  60  5:13  Shield Battery  
  63  5:21  Pylon  
  63  5:26  Stalker x3  
  69  5:29  Disruptor  
  69  5:32  Shield Battery  
  68  5:54  Stalker x3  
  68  5:55  Disruptor  
  67  6:07  Pylon  
  67  6:10  Pylon  
  70  6:18  Zealot x3  
  76  6:21  Disruptor  
  76  6:23  Pylon  
  76  6:25  Probe  
  75  6:36  Gateway  
  75  6:41  Zealot, Stalker  
  75  6:43  Zealot  
  75  6:46  Shield Battery  
  81  6:53  Immortal  
  79  7:08  Stalker x3  
  79  7:31  Shield Battery  
  79  7:35  Zealot x4  
Show
View Real Time Build Order
Export as new Build Order

Dolan Terran - Winner!

Build Orders: Cyclone Opening 

Get SALT Encoding   

  12  0:00  SCV  
  13  0:13  SCV  
  14  0:17  Supply Depot  
  14  0:25  SCV  
  15  0:38  SCV  
  15  0:39  Barracks  
  16  0:44  Refinery  
  16  0:50  SCV  
  16  0:53  Refinery  
  17  1:02  SCV  
  18  1:15  SCV  
  20  1:25  Reaper  
  20  1:27  Orbital Command  
  20  1:31  Supply Depot  
  20  1:41  Factory  
  20  1:52  SCV  
  21  2:00  Bunker  
  21  2:04  SCV  
  22  2:29  Command Center, Factory Tech Lab  
  22  2:30  Barracks Reactor  
  22  2:38  SCV  
  23  2:48  Starport, Cyclone  
  23  2:50  SCV  
  27  2:53  Supply Depot  
  27  3:03  SCV  
  28  3:07  Marine x2  
  30  3:15  SCV  
  31  3:26  Marine x2  
  34  3:27  SCV  
  34  3:28  Factory Tech Lab  
  34  3:30  Banshee, Cloaking Field  
  37  3:39  SCV  
  38  3:49  Marine x2  
  38  3:55  Siege Tank  
  43  3:57  SCV  
  43  4:06  Orbital Command  
  43  4:09  Marine x2, SCV  
  46  4:11  Supply Depot  
  46  4:17  Banshee  
  46  4:21  SCV  
  50  4:28  Marine x2  
  52  4:33  Supply Depot  
  52  4:35  Siege Tank  
  55  4:42  SCV x2  
  57  4:45  Marine x2  
  59  4:54  SCV x2  
  59  4:59  Banshee  
  61  5:03  Marine x2  
  61  5:06  SCV x2  
  68  5:07  Supply Depot  
  68  5:20  SCV x2  
  70  5:23  Siege Tank, Marine x2  
  75  5:30  Supply Depot  
  75  5:32  SCV x2  
  77  5:41  Marine x2  
  79  5:48  Banshee  
  81  5:58  SCV x2  
  81  5:59  Marine x2  
  71  6:04  Siege Tank  
  74  6:12  Bunker, SCV x2  
  74  6:14  Bunker  
  74  6:16  Marine x2  
  78  6:35  Marine x2  
  78  6:36  Banshee  
  83  6:40  Bunker  
  83  6:43  Bunker  
  83  6:44  SCV x2  
  85  6:51  Command Center  
  85  6:59  SCV x2  
  87  7:01  Siege Tank  
  89  7:18  SCV  
  89  7:20  Marine x2  
  92  7:23  SCV  
  92  7:26  Refinery  
  92  7:27  Barracks x2  
  92  7:28  Refinery  
  93  7:30  SCV  
  94  7:37  Bunker  
  94  7:43  Supply Depot  
  94  7:45  Supply Depot, Engineering Bay  
  94  7:46  Engineering Bay  
Tags
 
Add a new tag
Caveats
  • Supply blocks, unpowered buildings, or Contaminate may cause inaccurate times.
  • Supply counts are checked every 10 seconds.